 Dungeon Crawl Stone Soup version 0.28.0-1-gb440e238dd (webtiles) character file.

Game seed: 15696389164706572034

31798 Fallenstar the Cleaver (level 13, -6/91 HPs)
             Began as a Minotaur Fighter on Feb 22, 2022.
             Was an Elder of Hepliaklqana.
             Killed from afar by an ice statue (28 damage)
             ... with a bolt of cold
             ... in an ice cave.
             The game lasted 01:08:49 (20466 turns).

Fallenstar the Cleaver (Minotaur Fighter)          Turns: 20466, Time: 01:08:51

Health: -6/91      AC: 31    Str: 25    XL:     13   Next: 27%
Magic:  4/9        EV:  8    Int:  5    God:    Hepliaklqana [****..]
Gold:   848        SH: 22    Dex: 17    Spells: 12/12 levels left

rFire   . . .      SeeInvis .   z - +0 trident (flame)
rCold   . . .      Faith    .   r - +4 kite shield
rNeg    . . .      Spirit   .   f - +4 plate armour of Tartarus {Fly}
rPois   .          Reflect  +   (helmet restricted)
rElec   .          Harm     .   s - +0 cloak
rCorr   .          Rampage  .   q - +2 pair of gloves {infuse}
Will    .....                   h - +1 pair of boots
Stlth   ..........              p - amulet of reflection
HPRegen 0.25/turn               t - +4 ring of protection
MPRegen 0.11/turn               C - +6 ring of dexterity

@: flying
A: reduced essence, horns 2, retaliatory headbutt, frail 1, low MP 2
a: Renounce Religion, Recall Ancestor, Ancestor Identity, Transference, Idealise


You were in an ice cave.
You worshipped Hepliaklqana.
Hepliaklqana was greatly pleased with you.
You visited 3 branches of the dungeon, and saw 15 of its levels.
You also visited: Ice Cave.

You collected 1772 gold pieces.
You spent 924 gold pieces at shops.

Inventory:

Hand Weapons
 y - a +2 vorpal war axe
 z - a +0 trident of flaming (weapon)
Missiles
 a - 6 throwing nets (quivered)
Armour
 e - an orb of light
 f - the +4 plate armour of Tartarus (worn) {Fly}
   (You took it off an orc warrior on level 7 of the Dungeon)

   Fly:       It grants you flight.
 h - a +1 pair of boots (worn)
 q - a +2 pair of gloves of infusion (worn)
 r - a +4 kite shield (worn)
 s - a +0 cloak (worn)
Jewellery
 b - a ring of fire
 m - a ring of fire
 p - an amulet of reflection (around neck)
 t - a +4 ring of protection (left hand)
 C - a +6 ring of dexterity (right hand)
Wands
 j - a wand of polymorph (8)
 l - a wand of paralysis (3)
 o - a wand of iceblast (33)
 D - a wand of acid (4)
Scrolls
 c - a scroll of fear
 i - 5 scrolls of fog
 k - 3 scrolls of magic mapping
 u - 2 scrolls of teleportation
 w - 2 scrolls of blinking
 B - a scroll of amnesia
Potions
 d - 6 potions of curing
 g - 3 potions of flight
 A - a potion of invisibility {unknown}


   Skills:
 + Level 10.7 Fighting
 + Level 14.7(16.0) Axes
 + Level 10.5(13.9) Polearms
 + Level 12.6 Armour
 + Level 3.7 Dodging
 - Level 2.0 Stealth
 + Level 13.0 Shields
 + Level 0.5 Invocations


You had 12 spell levels left.
You didn't know any spells.
Your spell library contained the following spells:

 Spells                   Type           Power      Damage    Failure   Level
 Animate Skeleton         Necr           0%         N/A       100%        1
 Apportation              Tloc           0%         N/A       100%        1
 Summon Small Mammal      Summ           0%         N/A       100%        1
 Corpse Rot               Necr/Air       0%         N/A       100%        2
 Ensorcelled Hibernation  Hex/Ice        0%         N/A       100%        2
 Passwall                 Tmut/Erth      0%         N/A       100%        2
 Poisonous Vapours        Pois/Air       0%         N/A       100%        2
 Static Discharge         Conj/Air       0%         N/A       100%        2
 Sublimation of Blood     Necr           0%         N/A       100%        2
 Wereblood                Tmut           0%         N/A       100%        2
 Gell's Gravitas          Tloc           0%         N/A       100%        3
 Ignite Poison            Fire/Tmut/Pois 0%         N/A       100%        3
 Lesser Beckoning         Tloc           0%         N/A       100%        3
 Mephitic Cloud           Conj/Pois/Air  0%         N/A       100%        3
 Summon Guardian Golem    Hex/Summ       0%         N/A       100%        3
 Swiftness                Air            0%         N/A       100%        3
 Teleport Other           Tloc           0%         N/A       100%        3
 Dispel Undead            Necr           0%         3d6       100%        4
 Flame Wave               Conj/Fire      0%         2d4       100%        4
 Sticky Flame             Conj/Fire      0%         2d3       100%        4
 Blade Hands              Tmut           0%         N/A       100%        5
 Freezing Cloud           Conj/Ice/Air   0%         6-21      100%        5
 Irradiate                Conj/Tmut      0%         3d14      100%        5
 Manifold Assault         Tloc           0%         N/A       100%        5
 Dragon Form              Tmut           0%         N/A       100%        7
 Orb of Destruction       Conj           0%         9d5       100%        7
 Spellforged Servitor     Conj/Summ      0%         N/A       100%        7
 Summon Hydra             Summ           0%         N/A       100%        7


Dungeon Overview and Level Annotations

Branches:
Dungeon (9/15)             Temple (1/1) D:7            Lair (5/6) D:9
 Shoals (0/4) Lair:2        Snake (0/4) Lair:3        IceCv (1/1)
  Slime: Lair:5-6       Orc: D:9-12

Altars:
Ashenzari
Cheibriados
Dithmenos
Elyvilon
Fedhas
Gozag
Hepliaklqana
Kikubaaqudgha
Makhleb
Nemelex Xobeh
Okawaru
Qazlal
Ru
Sif Muna
Trog
Uskayaw
Vehumet
Wu Jian
Xom
Yredelemnul
Zin
The Shining One
Beogh

Shops:
D:6 =   D:9 *

Annotations:
D:4 1 runed translucent door IceCv exclusion: ice statue


Innate Abilities, Weirdness & Mutations

Your life essence is reduced to manifest your ancestor. (-10% HP)
You have a pair of horns on your head.
You reflexively headbutt those who attack you in melee.
You are frail. (-10% HP)
Your magical capacity is very low. (-20% MP)


Message History

You closely miss the ice beast.
The ice beast is almost dead.
You are engulfed in freezing vapours.
You block the ice beast's attack.
Cow is engulfed in freezing vapours.
Cow barely misses the ice statue.
You puncture the ice beast!
You melt the ice beast.
You kill the ice beast!
The ice beast disappears in a puff of smoke!
You are engulfed in freezing vapours.
The ice statue gestures.
You closely miss the ice beast.
You are engulfed in freezing vapours.
Cow is engulfed in freezing vapours.
Cow hits the ice statue but does no damage.
You puncture the ice beast!
You melt the ice beast.
The ice beast is severely wounded.
You are engulfed in freezing vapours.
You block the ice beast's attack.
Cow is engulfed in freezing vapours.
Cow hits the ice statue but does no damage.
You impale the ice beast!!
You melt the ice beast.
You kill the ice beast!
The ice beast disappears in a puff of smoke!
You are engulfed in freezing vapours.
You are engulfed in freezing vapours.
Cow is engulfed in freezing vapours.
Cow hits the ice statue with a +0 dagger of draining!
You see here a wand of mindburst (2).
You hit the ice statue but do no damage.
You headbutt the ice statue!
The ice statue is moderately damaged.
You are engulfed in freezing vapours.
Cow is engulfed in freezing vapours.
Cow hits the ice statue with a +0 dagger of draining.
The ice statue gestures at you. The freezing blast engulfs you!
* * * LOW HITPOINT WARNING * * *
You feel much better.
You are engulfed in freezing vapours.
* * * LOW HITPOINT WARNING * * *
Cow is engulfed in freezing vapours.
Cow hits the ice statue but does no damage.
The ice statue glitters chillingly in the dim dungeon light.
The ice statue gestures at you. The bolt of cold hits you!!
You die...

## ## #.## .#
..##.# ##.#..#
#°.#.#
###...≈##
#@.R#≈#≈# #
#[8○#≈≈≈# ##
#☼..##≈≈# ##.
#####≈≈## ###..
###≈≈# ##....
#≈≈#≈#####...#.
#####≈##.#.#.#.
#≈#....####
#...#.##


You could see the friendly Cow the hexer and an ice statue (ally target).

Vanquished Creatures
  4 hydras
  2 two-headed ogres (D:8)
  3 skeletal warriors (D:8)
  Pikel (D:6)
  A shining eye (shapeshifter) (D:8)
  2 ugly things
  A manticore (D:8)
  4 black mambas
  The ghost of Hyawatha the Ruffian, a novice TrEE (D:7)
  The ghost of EtherCrawl the Twirler, a novice DsGl of Lugonu (D:4)
  8 cane toads
  2 rime drakes (Lair:5)
  An efreet (D:8)
  4 komodo dragons
  An unseen horror (D:8)
  3 polar bears
  A troll (D:8)
  A hornet (D:8)
  4 blink frogs (Lair:3)
  Grinder (D:4)
  3 wyverns
  3 wraiths
  26 yaks
  3 basilisks
  3 steam dragons
  A warg (D:7)
  13 water moccasins
  3 orc warriors
  2 sky beasts
  2 black bears
  A necrophage (D:4)
  4 ogres
  8 wolves
  3 centaurs
  A phantom (D:6)
  2 kobold brigands
  12 bullfrogs
  2 gnoll sergeants
  A scorpion (D:6)
  A water moccasin skeleton (D:5)
  A water moccasin zombie (D:7)
  A wyvern skeleton (D:7)
  6 wights
  13 killer bees
  A howler monkey (D:8)
  A hexer (Lair:1)
  4 centaur zombies
  3 gnoll shamans
  7 orc priests
  3 hounds
  2 jellies
  A bullfrog skeleton (D:7)
  Ijyb (D:5)
  3 iguanas
  6 orc wizards
  12 hell rats
  A killer bee zombie (D:6)
  2 howler monkey zombies
  9 adders
  21 gnolls
  A shadow imp (D:5)
  4 white imps
  A worm (D:4)
  2 dart slugs
  23 orcs
  4 bats (D:1)
  8 endoplasms
  7 giant cockroaches
  5 goblins
  7 hobgoblins
  16 kobolds
  5 quokkas
  6 ball pythons
  A frilled lizard (D:1)
  4 rats (D:1)
332 creatures vanquished.

Vanquished Creatures (collateral kills)
  A hydra (Lair:4)
  A black mamba (Lair:1)
  A guardian serpent (Lair:3)
  A komodo dragon (Lair:2)
  A blink frog (Lair:3)
  A wraith (D:9)
  A wyvern (Lair:4)
  9 yaks
  3 water moccasins
  3 wolves
  2 bullfrogs
  A wight (D:8)
  An orc wizard (D:9)
  A hell rat (Lair:2)
  2 orcs
29 creatures vanquished.

Vanquished Creatures (others)
  2 hexers
  An ancestor (D:9)
  21 fungi
  16 plants
40 creatures vanquished.

Grand Total: 401 creatures vanquished

Notes
Turn   | Place    | Note
-------+----------+-------------------------------------------
     0 | D:1      | Fallenstar the Minotaur Fighter began the quest for the
                  | Orb.
     0 | D:1      | Reached XP level 1. HP: 19/19 MP: 0/0
    52 | D:1      | Found a faded altar of an unknown god.
   304 | D:1      | Reached XP level 2. HP: 27/27 MP: 1/1
   591 | D:1      | Reached skill level 3 in Axes
   621 | D:1      | Reached XP level 3. HP: 33/33 MP: 2/2
  1342 | D:2      | Reached XP level 4. HP: 41/41 MP: 3/3
  2931 | D:4      | Noticed a necrophage
  2968 | D:4      | Noticed Grinder
  2978 | D:4      | Found a runed translucent door.
  2981 | D:4      | Noticed a bullfrog
  2982 | D:4      | Noticed EtherCrawl's ghost (novice DsGl)
  3233 | D:4      | Reached XP level 5. HP: 24/47 MP: 2/4
  3388 | D:3      | Identified a scroll of acquirement
  3388 | D:3      | Acquired 1014 gold pieces
  3396 | D:4      | Reached skill level 4 in Axes
  3397 | D:4      | Killed a necrophage
  3398 | D:4      | Reached skill level 5 in Armour
  3700 | D:4      | Reached skill level 5 in Axes
  3700 | D:4      | Reached XP level 6. HP: 19/55 MP: 0/5
  3932 | D:4      | Found a runed translucent door.
  3980 | D:4      | Killed Grinder
  3981 | D:4      | Reached skill level 5 in Fighting
  3981 | D:4      | Reached skill level 1 in Dodging
  4599 | D:5      | Entered Level 5 of the Dungeon
  4626 | D:5      | Reached skill level 6 in Axes
  4626 | D:5      | Reached XP level 7. HP: 61/61 MP: 0/6
  4928 | D:5      | Noticed Ijyb
  4938 | D:5      | Killed Ijyb
  5197 | D:5      | Reached skill level 7 in Axes
  5428 | D:5      | Reached XP level 8. HP: 70/70 MP: 2/7
  5815 | D:4      | Killed EtherCrawl's ghost
  5816 | D:4      | Reached skill level 8 in Axes
  5816 | D:4      | Reached skill level 5 in Shields
  5963 | D:6      | Found Myugikh's Jewellery Shop.
  5990 | D:6      | Bought an amulet of reflection for 420 gold pieces
  5990 | D:6      | Bought a +4 ring of protection for 504 gold pieces
  6244 | D:6      | Found a white marble altar of Elyvilon.
  6302 | D:6      | Reached skill level 9 in Axes
  6689 | D:6      | Reached XP level 9. HP: 78/78 MP: 5/8
  7170 | D:7      | Noticed Pikel
  7200 | D:6      | Killed Pikel
  7201 | D:6      | Reached skill level 10 in Axes
  7778 | D:7      | Found a staircase to the Ecumenical Temple.
  7789 | Temple   | Entered the Ecumenical Temple
  8053 | Temple   | Became a worshipper of Hepliaklqana the Forgotten
  8293 | D:7      | Reached skill level 11 in Axes
  8383 | D:7      | Found a runed translucent gate.
  8385 | D:7      | Identified the +4 plate armour of Tartarus {Fly}
  8387 | D:7      | Noticed Hyawatha's ghost (novice TrEE)
  8389 | D:7      | Found a runed translucent gate.
  8390 | D:7      | Found a runed translucent gate.
  8617 | D:7      | Identified the +5 dagger of Edoke {antimagic, *Noise rPois
                  | Int+4 Stlth+}
  8743 | D:8      | Reached XP level 10. HP: 61/86 MP: 0/9
  8792 | D:8      | Noticed a two-headed ogre
  8935 | D:8      | Killed a two-headed ogre
  9582 | D:8      | Reached skill level 10 in Armour
 10006 | D:8      | Noticed a manticore
 10017 | D:8      | Reached skill level 12 in Axes
 10077 | D:8      | Killed a manticore
 10373 | D:8      | Noticed a shining eye
 10377 | D:8      | Gained mutation: Your magical capacity is low. (-10% MP) [a
                  | shining eye]
 10379 | D:8      | Gained mutation: You are frail. (-10% HP) [a shining eye]
 10380 | D:8      | Gained mutation: Your magical capacity is very low. (-20%
                  | MP) [a shining eye]
 10381 | D:8      | Killed a shining eye
 10382 | D:8      | Noticed a purple ugly thing
 10399 | D:8      | Killed a purple ugly thing
 10438 | D:8      | Identified the +0 cloak of Quppatuj {Harm}
 10545 | D:8      | Got the Reference Book on Orientation and Attacks
 10552 | D:8      | Reached XP level 11. HP: 66/84 MP: 4/7
 10893 | D:8      | Reached * piety under Hepliaklqana
 11411 | D:9      | Found Wyecaq's Elemental Accessories.
 11517 | D:7      | Killed Hyawatha's ghost
 11693 | D:9      | Reached skill level 13 in Axes
 12148 | D:9      | Noticed a skeletal warrior
 12148 | D:9      | Noticed a skeletal warrior
 12150 | D:9      | Noticed a skeletal warrior
 12208 | D:8      | Reached skill level 1 in Stealth
 12330 | D:8      | Reached skill level 10 in Shields
 12341 | D:8      | Killed a skeletal warrior
 12538 | D:9      | Noticed a two-headed ogre
 12550 | D:8      | Killed a skeletal warrior
 12860 | D:8      | Killed a two-headed ogre
 12861 | D:8      | Reached skill level 14 in Axes
 12867 | D:8      | Killed a skeletal warrior
 13331 | D:9      | Found a staircase to the Lair.
 13562 | Lair:1   | Entered Level 1 of the Lair of Beasts
 13603 | Lair:1   | Noticed a seven-headed hydra
 13612 | Lair:1   | Killed a seven-headed hydra
 13699 | Lair:1   | Reached skill level 1 in Polearms
 13885 | Lair:1   | Reached ** piety under Hepliaklqana
 13916 | Lair:1   | Remembered your ancestor Cow as a hexer
 13948 | Lair:1   | Reached XP level 12. HP: 77/83 MP: 4/8
 14550 | Lair:1   | Noticed a six-headed hydra
 14560 | Lair:1   | Killed a six-headed hydra
 14696 | Lair:1   | You are sucked into a shaft and drop 1 floor!
 14838 | Lair:2   | Reached skill level 5 in Polearms
 15229 | Lair:2   | Found a staircase to the Shoals.
 16448 | Lair:2   | Reached *** piety under Hepliaklqana
 17381 | Lair:3   | Identified the +4 scale mail of the Stars {Int+4}
 17536 | Lair:3   | Noticed a four-headed hydra
 17547 | Lair:3   | Killed a four-headed hydra
 17548 | Lair:3   | Reached skill level 10 in Fighting
 17562 | Lair:3   | Noticed a five-headed hydra
 17577 | Lair:3   | Killed a five-headed hydra
 17720 | Lair:3   | Reached **** piety under Hepliaklqana
 18187 | Lair:3   | Found a staircase to the Snake Pit.
 18512 | Lair:4   | Noticed a five-headed hydra
 18525 | Lair:4   | Killed a five-headed hydra
 18609 | Lair:4   | Reached XP level 13. HP: 90/90 MP: 3/9
 19977 | Lair:5   | Reached ***** piety under Hepliaklqana
 19981 | Lair:5   | Found a frozen archway.
 19990 | Lair:5   | Reached skill level 10 in Polearms
 19996 | IceCv    | Entered an ice cave
 20466 | IceCv    | Killed from afar by an ice statue

Illustrated notes

Levels and vault maps discovered:
D:1:      dpeg_arrival_rooms_c, layout_basic, hellmonk_ecumenical_altar_run_dry
D:2:      layout_basic, serial_co_window_serial, co_window_of_opportunity_a,
          co_window_paths_a, co_window_corner_a, co_window_of_opportunity_a,
          co_window_corner_a, co_window_corner_b, co_window_broadway_c,
          co_window_corner_b, co_window_broadway_c, co_window_broadway_a,
          co_window_4corner_b, co_window_paths_d, glass_columns_a,
          amcnicky_mini_corridor_feature, grunt_decor_one_mirror
D:3:      layout_basic, minmay_misc_feat_five
D:4:      layout_cave_pods, ebering_ghost_sewer_f, uniq_grinder
D:5:      layout_basic, uniq_ijyb
D:6:      layout_basic, mainiacjoe_overflow_surrounded_room,
          minmay_shop_enchanted_jewellery
D:7:      layout_cave_pools, temple_fountains, biasface_ghost_orc_armoury,
          uniq_pikel
D:8:      layout_layer_cave, grunt_ministairs_6, hangedman_decor_growths,
          minmay_evil_grid
D:9:      layout_loops_cross, due_lair_maze_entry_diamond, st_stairs_1,
          nicolae_elemental_shop
Temple:   mainiacjoe_temple_archimedes_tessellation
Lair:1:   hellmonk_warped_wall, layout_hall_layers
Lair:2:   layout_loops_ring, elwin_shoals_entry_rocks
Lair:3:   layout_regular_city, minmay_snake_entry_spellcaster, ldierk_geyser
Lair:4:   layout_regular_city, infiniplex_staircase_pool_2
Lair:5:   layout_cave_pods, portal_ice_cave_rime
IceCv:    ice_cave_caverns_03

Skill      XL: |  1  2  3  4  5  6  7  8  9 10 11 12 13 |
---------------+----------------------------------------+-----
Fighting       | 4 5 6 7 8 9 10 | 10.7
Armour         | 4 5 6 7 8 9 10 11 12 | 12.6
Axes           | 3 5 6 7 9 11 12 14 | 14.7
Shields        | 4 5 7 9 11 12 13 | 13.0
Dodging        | 1 2 3 |  3.7
Stealth        | 1 2 |  2.0
Polearms       | 1 9 10 | 10.5
Invocations    | |  0.5

Action                   |  1- 3 |  4- 6 |  7- 9 | 10-12 | 13-15 || total
-------------------------+-------+-------+-------+-------+-------++-------
Melee: War axe           |    93 |    82 |   300 |   264 |       ||   739
       Headbutt          |     9 |    12 |    50 |   104 |    28 ||   203
       Trident           |       |       |       |   253 |   130 ||   383
Invok: Ancestor Life: He |       |       |       |     1 |       ||     1
       Ancestor Identity |       |       |       |     1 |       ||     1
       Recall Ancestor   |       |       |       |     1 |       ||     1
       Idealise          |       |       |       |       |     1 ||     1
  Use: Scroll            |       |    11 |     6 |     6 |     3 ||    26
       Potion            |       |     1 |     2 |     1 |     1 ||     5
 Stab: Distracted        |       |       |       |     4 |     3 ||     7
       Confused          |       |       |       |     2 |     1 ||     3
Armor: Chain mail        |    57 |    43 |   141 |   104 |       ||   345
       Plate armour      |       |       |       |   121 |    18 ||   139
Dodge: Dodged            |    32 |    29 |    63 |    71 |     9 ||   204
Block: Buckler           |    21 |     2 |       |       |       ||    23
       Kite shield       |       |    24 |   228 |   429 |    70 ||   751
       Reflection        |       |       |     5 |     5 |       ||    10
